 Dungeon Crawl Stone Soup version 0.30.1 (webtiles) character file.

Game seed: 12651000702374240607

16067 LynnLen the Unseen (level 12, -7/58 HPs)
             Began as a Spriggan Enchanter on July 7, 2023.
             Was an Elder of Dithmenos.
             Mangled by a black mamba (17 damage)
             ... on level 2 of the Lair of Beasts on July 8, 2023.
             The game lasted 00:54:06 (13032 turns).

LynnLen the Unseen (Spriggan Enchanter)            Turns: 13032, Time: 00:54:06

Health: -7/58      AC:  5    Str: 10    XL:     12   Next: 6%
Magic:  23/23      EV: 20    Int: 21    God:    Dithmenos [****..]
Gold:   362        SH:  6    Dex: 16    Spells: 5/24 levels left

rFire   . . .        D - +6 short sword
rCold   . . .        m - +3 warlock's mirror {omnireflect}
rNeg    . . .        C - +0 steam dragon scales
rPois   .            K - +0 hat {Stlth+}
rElec   .            (no cloak)
rCorr   .            (gloves unavailable)
SInv    +            (boots unavailable)
Will    ++...        F - amulet of regeneration
Stlth   ++++++++++   f - ring of wizardry
HPRegen 1.09/turn    d - +6 ring of strength
MPRegen 0.18/turn

%: reflection, wizardry (x1)
@: lethally poisoned (-7 -> -7), marked, wreathed by umbra, studying 2 skills,
very quick
A: very small, no large weapons, unfitting armour, see invisible, speed 3
a: Renounce Religion, Shadow Step


You were on level 2 of the Lair of Beasts.
You worshipped Dithmenos.
Dithmenos was greatly pleased with you.
You visited 3 branches of the dungeon, and saw 13 of its levels.
You also visited: Ossuary and Volcano.

You collected 3456 gold pieces.
You spent 3094 gold pieces at shops.

Inventory:

Hand Weapons
 b - a +5 dagger
 D - a +6 short sword (weapon)
Missiles
 i - 30 poisoned darts (quivered)
 u - a throwing net
 I - a curare-tipped dart
Armour
 m - the +3 warlock's mirror (worn) {omnireflect}
   (You acquired it on level 10 of the Dungeon)

   Omnireflect: It can block and reflect piercing ranged attacks and magical
   attacks against the wielder's willpower.
 C - +0 steam dragon scales (worn)
 K - a +0 hat of stealth (worn)
Jewellery
 d - a +6 ring of strength (right hand)
 f - a ring of wizardry (left hand)
 g - a ring of ice
 o - a ring of positive energy
 F - an amulet of regeneration (around neck)
Wands
 H - a wand of paralysis (2)
 L - a wand of roots (9)
 M - a wand of mindburst (9)
 O - a wand of flame (8)
Scrolls
 a - a scroll of magic mapping
 j - 3 scrolls of blinking
 k - 4 scrolls of teleportation
 p - 2 scrolls of vulnerability
 v - 2 scrolls of butterflies
 y - 6 scrolls of immolation
 E - a scroll of poison
 G - 2 scrolls of amnesia {unknown}
 J - 2 scrolls of fog {unknown}
 N - a scroll of enchant armour {unknown}
Potions
 c - 3 potions of invisibility
 e - 2 potions of flight
 h - 6 potions of haste
 l - 4 potions of brilliance
 n - 4 potions of might
 q - 3 potions of mutation
 r - 2 potions of magic {unknown}
 s - a potion of cancellation {unknown}
 t - 2 potions of lignification
 w - 7 potions of curing
 x - 2 potions of heal wounds
 z - 2 potions of attraction
 A - 2 potions of berserk rage {unknown}
 B - 3 potions of ambrosia


   Skills:
 + Level 4.1 Fighting
 + Level 7.4 Short Blades
 + Level 7.2 Dodging
 * Level 15.1 Stealth
 + Level 6.7 Spellcasting
 + Level 3.1 Conjurations
 * Level 11.4 Hexes
 - Level 2.3 Ice Magic
 + Level 3.9 Earth Magic
 + Level 6.7 Invocations
 + Level 9.1 Evocations


You had 5 spell levels left.
You knew the following spells:

 Your Spells              Type           Power      Damage    Failure   Level
a - Ensorcelled Hibernat  Hex/Ice        72%        N/A       1%          2
b - Confusing Touch       Hex            53%        N/A       1%          3
c - Tukima's Dance        Hex            53%        N/A       1%          3
d - Slow                  Hex            100%       N/A       1%          1
e - Iron Shot             Conj/Erth      10%        9d3       86%         6
f - Cause Fear            Hex            26%        N/A       1%          4

Your spell library contained the following spells:

 Spells                   Type           Power      Damage    Failure   Level
 Dazzling Flash           Conj/Hex       74%        N/A       1%          3
 Kiss of Death            Conj/Necr      52%        2d9       3%          1
 Passwall                 Tmut/Erth      12%        N/A       4%          2
 Anguish                  Hex/Necr       15%        N/A       5%          4
 Apportation              Tloc           14%        N/A       6%          1
 Sting                    Tmut/Pois      28%        1d4       6%          1
 Cigotuvi's Dreadful Rot  Necr/Pois/Air  14%        N/A       9%          2
 Poisonous Vapours        Pois/Air       14%        N/A       9%          2
 Mephitic Cloud           Conj/Pois/Air  11%        N/A       11%         3
 Swiftness                Air            7%         N/A       16%         3
 Vampiric Draining        Necr           7%         2d6       16%         3
 Animate Armour           Summ/Erth      30%        N/A       24%         4
 Dispel Undead            Necr           7%         3d8       45%         4
 Olgreb's Toxic Radiance  Pois           7%         N/A       45%         4
 Freezing Cloud           Conj/Ice/Air   7%         6-21      56%         5
 Alistair's Intoxication  Tmut/Pois      4%         N/A       80%         5
 Blade Hands              Tmut           3%         N/A       80%         5
 Enfeeble                 Hex            26%        N/A       38%         7
 Death Channel            Necr           3%         N/A       100%        6


Dungeon Overview and Level Annotations

Branches:
Dungeon (10/15)            Temple (1/1) D:4            Lair (2/5) D:10
Ossuary (visited)         Volcano (visited)
  Swamp: Lair:2-3    Shoals: Lair:2-3     Snake: Lair:2-3    Spider: Lair:2-3
    Orc: D:9-12

Altars:
Ashenzari
Cheibriados
Dithmenos
Gozag
Hepliaklqana
Makhleb
Nemelex Xobeh
Okawaru
Qazlal
Trog
Xom
Yredelemnul

Shops:
D:8 [:?:*


Innate Abilities, Weirdness & Mutations

You are very small and have problems with some larger weapons.
You are too small for most types of armour.
You have supernaturally acute eyesight. (SInv)
You cover ground extremely quickly. (Speed+++)


Message History

A centaur comes into view. x2
A centaur comes into view.
The centaur wields a +0 shortbow.
The centaur shoots an arrow.
The arrow hits you!
The centaur shoots an arrow.
You block the arrow with your +3 warlock's mirror {omnireflect}... and reflect it back!
The arrow hits the centaur!
The centaur wields a +0 shortbow.
The centaur shoots an arrow.
The arrow barely misses you.
The centaur shoots an arrow.
The arrow hits you.
Something hits the plant.
The plant begins to die.
Something kicks the plant.
The centaur shoots an arrow.
You block the arrow with your +3 warlock's mirror {omnireflect}... and reflect it back!
The arrow completely misses the centaur.
The centaur shoots an arrow.
The arrow hits you! The black mamba closely misses you.
The black mamba attacks as you move away!
The black mamba bites you!
You are poisoned.
The black mamba poisons you!
You feel very sick.
The black mamba attacks as you move away!
The black mamba closely misses you.
You feel sick.
You feel sick. The black mamba bites you!
* * * LOW HITPOINT WARNING * * *
You feel sick.
You feel sick.
The black mamba attacks as you move away!
The black mamba misses you.
You feel sick.
The black mamba attacks as you move away!
The black mamba closely misses you.
You feel sick.
You feel sick.
You feel sick.
You feel sick.
The black mamba attacks as you move away!
You block the black mamba's attack.
A yak comes into view.
You feel sick.
The black mamba attacks as you move away!
The black mamba bites you!
You die...

#P######....# ... ..
#....##.....# ... ♣♣ ♣♣...
#....'......# ... .♣.♣.♣...
#.....P#....#♣♣.♣♣ ..♣.♣...
##..####....#############...#####
#### ##.........................
##..###..........................
.[...................Y...........
...............S@...<..Y.........
.................................
...................[.............
.................................
..............#...#..............
.#.####.......#.###..............
##..###P......... #..............
.....#P......#...........#..###..
............#....#......##.####..


You could see an elephant, a black mamba and a yak.

Vanquished Creatures
  Gastronok (D:9)
  A hydra (Lair:2)
  A two-headed ogre (D:10)
  A hell knight (Volcano)
  Urug (D:10)
  A salamander mystic (Volcano)
  4 salamanders (Volcano)
  2 molten gargoyles (Volcano)
  A black mamba (Lair:2)
  5 cane toads
  Maggie (D:9)
  2 komodo dragons
  2 rime drakes
  A troll (D:9)
  A blink frog (Lair:2)
  Sigmund (D:6)
  A shadow (D:10)
  A wraith (Ossuary)
  5 fire bats (Volcano)
  A basilisk (Lair:2)
  6 steam dragons
  6 water moccasins
  An orc warrior (D:9)
  A sky beast (D:7)
  2 ice beasts
  A black bear (D:5)
  An ogre (D:6)
  A centaur (D:9)
  2 kobold brigands
  7 bullfrogs
  3 scorpions
  3 wights (D:9)
  15 killer bees
  5 howler monkeys
  An electric eel (Lair:1)
  A lava snake (Volcano)
  4 hounds
  A gnoll bouda (D:8)
  3 orc priests
  A jelly (D:5)
  A sleepcap (D:5)
  5 iguanas
  6 orc wizards
  3 mummies (Ossuary)
  7 adders
  13 gnolls
  2 white imps
  2 ufetubi (D:6)
  A worm zombie (D:5)
  A worm (D:2)
  3 dart slugs
  26 orcs
  16 ball pythons
  6 bats
  6 endoplasms
  3 giant cockroaches
  5 goblins
  8 hobgoblins
  4 quokkas
  A gnoll zombie (Ossuary)
  4 goblin zombies (Ossuary)
  A hobgoblin zombie (Ossuary)
  10 kobolds
  4 kobold zombies (Ossuary)
  4 rats
241 creatures vanquished.

Vanquished Creatures (collateral kills)
  A two-headed ogre (D:10)
1 creature vanquished.

Grand Total: 242 creatures vanquished

Notes
Turn   | Place    | Note
-------+----------+-------------------------------------------
     0 | D:1      | LynnLen the Spriggan Enchanter began the quest for the Orb.
     0 | D:1      | Reached XP level 1. HP: 9/9 MP: 5/5
    95 | D:1      | Found Reida's Vocational Training.
   164 | D:1      | Reached skill level 5 in Stealth
   164 | D:1      | Reached XP level 2. HP: 13/13 MP: 6/6
   167 | D:1      | Learned a level 2 spell: Ensorcelled Hibernation
   838 | D:2      | Reached XP level 3. HP: 16/16 MP: 8/8
  1062 | D:2      | Reached skill level 6 in Stealth
  1634 | D:3      | Reached XP level 4. HP: 16/21 MP: 9/9
  2064 | D:3      | Identified a scroll of acquirement
  2079 | D:3      | Found a bloodstained altar of Trog.
  2411 | D:3      | Acquired 1066 gold pieces
  2517 | D:4      | Found a staircase to the Ecumenical Temple.
  2539 | Temple   | Entered the Ecumenical Temple
  2545 | Temple   | Became a worshipper of Dithmenos the Shadowed
  2618 | D:4      | Learned a level 3 spell: Confusing Touch
  2622 | D:4      | Learned a level 3 spell: Tukima's Dance
  2743 | D:4      | Reached skill level 7 in Stealth
  2743 | D:4      | Reached XP level 5. HP: 8/24 MP: 1/10
  3147 | D:4      | Reached skill level 5 in Hexes
  3288 | D:4      | Reached * piety under Dithmenos
  3289 | D:4      | Reached skill level 8 in Stealth
  3373 | D:4      | Noticed an ice beast
  3383 | D:4      | Killed an ice beast
  3384 | D:4      | Reached XP level 6. HP: 28/28 MP: 11/11
  3523 | D:4      | Learned a level 1 spell: Slow
  3540 | D:5      | Entered Level 5 of the Dungeon
  3723 | D:5      | Noticed an ice beast
  3726 | D:5      | Killed an ice beast
  3981 | D:5      | Reached skill level 9 in Stealth
  3997 | D:5      | Found a sand-covered staircase.
  4008 | Ossuary  | Entered an ossuary
  4008 | Ossuary  | Noticed a wraith
  4008 | Ossuary  | Noticed a wraith
  4008 | Ossuary  | Noticed a wraith
  4054 | Ossuary  | Reached XP level 7. HP: 29/32 MP: 12/12
  4235 | Ossuary  | Noticed a wraith
  4244 | Ossuary  | Killed a wraith
  4245 | Ossuary  | Reached skill level 1 in Ice Magic
  4916 | D:5      | Reached skill level 10 in Stealth
  4969 | D:5      | Reached XP level 8. HP: 29/36 MP: 6/13
  5027 | D:5      | Reached ** piety under Dithmenos
  5168 | D:6      | Noticed Sigmund
  5268 | D:6      | Killed Sigmund
  5316 | D:6      | Reached skill level 11 in Stealth
  5375 | D:6      | Acquired 846 gold pieces
  5536 | D:1      | Bought a manual of Evocations for 880 gold pieces
  5536 | D:1      | Bought a manual of Invocations for 880 gold pieces
  5722 | D:6      | Found a sparkling altar of Nemelex Xobeh.
  5729 | D:6      | Found a burning altar of Makhleb.
  5729 | D:6      | Found an opulent altar of Gozag.
  5818 | D:6      | Reached skill level 5 in Short Blades
  5850 | D:6      | Reached skill level 1 in Evocations
  6029 | D:6      | Reached skill level 1 in Invocations
  6784 | D:7      | Found a basalt altar of Yredelemnul.
  6802 | D:7      | Reached skill level 1 in Fighting
  6860 | D:7      | Reached XP level 9. HP: 41/41 MP: 13/15
  7358 | D:8      | Learned a level 6 spell: Iron Shot
  7415 | D:8      | Found Amep's Book Shop.
  7575 | D:8      | Found Pury's Armour Shoppe.
  7591 | D:8      | Noticed a two-headed ogre
  8005 | D:8      | Found Zixzot's Book Boutique.
  8015 | D:8      | Found Zecrurhe's Magic Scroll Boutique.
  8019 | D:8      | Bought a scroll of identify for 24 gold pieces
  8019 | D:8      | Bought a scroll of identify for 24 gold pieces
  8019 | D:8      | Bought a scroll of identify for 24 gold pieces
  8149 | D:8      | Reached skill level 12 in Stealth
  8152 | D:8      | Found a stormy altar of Qazlal.
  8260 | D:8      | Found Wouss's General Store.
  8264 | D:8      | Bought a scroll of identify for 22 gold pieces
  8390 | D:9      | Reached *** piety under Dithmenos
  8391 | D:9      | Reached skill level 1 in Earth Magic
  8435 | D:9      | Noticed a troll
  8498 | D:9      | Killed a troll
  8757 | D:9      | Reached skill level 1 in Conjurations
  8799 | D:9      | Noticed Gastronok
  8842 | D:9      | Killed Gastronok
  8843 | D:9      | Reached skill level 5 in Dodging
  8843 | D:9      | Reached skill level 5 in Evocations
  8843 | D:9      | Reached XP level 10. HP: 47/47 MP: 17/17
  9391 | D:9      | Noticed Maggie
  9414 | D:9      | Killed Maggie
  9415 | D:9      | Reached skill level 13 in Stealth
 10091 | D:10     | Entered Level 10 of the Dungeon
 10171 | D:10     | Identified the +2 chain mail of Makhleb's Outrage {Dex+3
                  | SInv}
 10350 | D:10     | Noticed a two-headed ogre
 10370 | D:10     | Killed a two-headed ogre
 10371 | D:10     | Reached skill level 5 in Spellcasting
 10384 | D:10     | Noticed a two-headed ogre
 10412 | D:10     | Killed a two-headed ogre
 10413 | D:10     | Reached skill level 10 in Hexes
 10600 | D:10     | Noticed Urug
 10603 | D:10     | Killed Urug
 10604 | D:10     | Reached skill level 5 in Invocations
 10617 | D:10     | Acquired the +3 warlock's mirror {omnireflect}
 10617 | D:10     | Found the +3 warlock's mirror {omnireflect}
 10838 | D:10     | Found a staircase to the Lair.
 10986 | D:8      | Bought a scroll of acquirement for 624 gold pieces
 10986 | D:8      | Acquired 608 gold pieces
 10994 | D:8      | Bought a Young Poisoner's Handbook for 220 gold pieces
 10994 | D:8      | Bought a book of Hexes for 396 gold pieces
 10999 | D:8      | Learned a level 4 spell: Cause Fear
 11074 | Lair:1   | Entered Level 1 of the Lair of Beasts
 11160 | Lair:1   | Reached XP level 11. HP: 52/52 MP: 20/20
 11311 | Lair:1   | Reached skill level 14 in Stealth
 11368 | Lair:1   | Found a dark tunnel.
 11411 | Volcano  | Entered a volcano
 11502 | Volcano  | Found a radiant altar of Vehumet.
 11502 | Volcano  | Noticed a salamander mystic
 11520 | Volcano  | Killed a salamander mystic
 11617 | Volcano  | Noticed a hell knight
 11624 | Volcano  | Killed a hell knight
 12191 | Lair:1   | You fall into a shaft and drop 1 floor!
 12303 | Lair:2   | Reached **** piety under Dithmenos
 12519 | Lair:2   | Noticed a seven-headed hydra
 12622 | Lair:2   | Killed a seven-headed hydra
 12623 | Lair:2   | Reached skill level 15 in Stealth
 12793 | Lair:2   | Reached XP level 12. HP: 58/58 MP: 19/23
 13032 | Lair:2   | Mangled by a black mamba

Illustrated notes

Levels and vault maps discovered:
D:1:      denvon_arrival_waterhouse, layout_loops_cross, nicolae_shop_vocational
D:2:      layout_rooms
D:3:      layout_loops_cross, mainiacjoe_overflow_small_starburst,
          minmay_misc_feat_ornament
D:4:      layout_loops_cross, minmay_temple_entry_hall
D:5:      minmay_bubble_buster, layout_basic, enter_ossuary_3, serial_curves,
          eino_curves_03, eino_curves_02, eino_curves_01, eino_curves_03
D:6:      layout_loops_corners, gammafunk_temple_overflow_forgotten,
          uniq_sigmund
D:7:      layout_rooms, old_standard_altar
D:8:      layout_basic, marbit_many_paths, serial_shops, shop, kennysheep_mini,
          nicolae_shop_pleasant_corner_grove, shop, shop
D:9:      layout_irregular_city, uniq_maggie, uniq_gastronok
D:10:     layout_roguey, lair_entry_dummy, uniq_urug
Temple:   eino_temple_rhombus
Lair:1:   layout_gridlike, serial_rivers, chequers_serial_rivers_micro_e,
          chequers_serial_rivers_large_b, chequers_serial_rivers_micro_a,
          chequers_serial_rivers_micro_a, chequers_serial_rivers_room_b,
          nicolae_volcano_entry_s_turn, serial_bayou_lagoon_a,
          chequers_serial_rivers_micro_a
Lair:2:   nzn_winding_woodlands_medium [nzn_winding_woodlands_5x5_open_star,
          nzn_winding_woodlands_5x15_parted,
          nzn_winding_woodlands_5x5_checkerboard,
          nzn_winding_woodlands_5x5_cross,
          nzn_winding_woodlands_center_pierced_h,
          nzn_winding_woodlands_5x5_three, nzn_winding_woodlands_hourglass,
          nzn_winding_woodlands_5x15_split_checker,
          nzn_winding_woodlands_5x5_default], layout_regular_city,
          minmay_shoals_entry_centaurs, beast_lair_carwin_6

Skill      XL: |  1  2  3  4  5  6  7  8  9 10 11 |
---------------+----------------------------------+-----
Stealth        | 5 6 7 8 9 10 11 12 13 15 | 15.1
Hexes          | 4 5 7 8 9 10 11 | 11.4
Short Blades   | 2 3 4 5 6 7 |  7.4
Ice Magic      | 1 2 |  2.3
Evocations     | 3 5 7 9 |  9.1
Dodging        | 3 5 6 7 |  7.2
Invocations    | 2 4 5 6 |  6.7
Spellcasting   | 3 4 5 6 |  6.7
Fighting       | 1 2 3 4 |  4.1
Earth Magic    | 2 3 |  3.9
Conjurations   | 1 2 3 |  3.1

Action                     |  1- 3 |  4- 6 |  7- 9 | 10-12 || total
---------------------------+-------+-------+-------+-------++-------
  Melee: Dagger            |    98 |   145 |    76 |       ||   319
         Punch             |     1 |     1 |     1 |       ||     3
         Short sword       |       |       |   142 |   161 ||   303
  Throw: Dart              |       |       |     2 |       ||     2
   Cast: Ensorcelled Hiber |     4 |    19 |    39 |    64 ||   126
         Confusing Touch   |       |     2 |     7 |    13 ||    22
         Tukima's Dance    |       |       |     9 |    13 ||    22
 Invoke: Shadow Step       |       |       |       |     1 ||     1
    Use: Scroll            |     6 |     2 |    18 |     4 ||    30
         Potion            |       |     1 |     2 |     3 ||     6
   Stab: Sleeping          |    16 |    28 |    57 |    51 ||   152
         Confused          |       |     3 |    11 |     8 ||    22
         Distracted        |       |       |       |     1 ||     1
 Armour: Robe              |     7 |    10 |     3 |       ||    20
         Steam dragon scal |       |       |     9 |    10 ||    19
  Dodge: Dodged            |    54 |    75 |   125 |   134 ||   388
  Block: Buckler           |       |       |       |    21 ||    21
         Reflection        |       |       |       |     2 ||     2
